 Dungeon Crawl Stone Soup version 0.30-a0-305-g026cb31310 (webtiles) character file.

Game seed: 2483743027664777186

1180 McGhostyFace the Gusty (level 8, -1/52 (58) HPs)
             Began as a Gnoll Wanderer on Oct 23, 2022.
             Was an Initiate of Gozag.
             Slain by a necrophage (4 damage)
             ... on level 5 of the Dungeon.
             The game lasted 00:11:59 (5311 turns).

McGhostyFace the Gusty (Gnoll Wanderer)             Turns: 5311, Time: 00:12:00

HP:   -1/52 (58)    AC:  5    Str: 11    XL:     8   Next: 42%
MP:   12/14         EV: 13    Int: 12    God:    Gozag
Gold: 180           SH:  0    Dex: 14    Spells: 13/15 levels left

rFire   . . .      SeeInvis .    m - +0 whip (elec)
rCold   . . .      Faith    .    (no shield)
rNeg    . . .      Spirit   .    d - +0 leather armour
rPois   .          Reflect  .    b - +0 helmet
rElec   .          Harm     .    s - +0 cloak
rCorr   .          Rampage  .    (no gloves)
Will    .....                    (no boots)
Stlth   +++.......               h - amulet of the acrobat
HPRegen 0.28/turn                (no ring)
MPRegen 0.14/turn                (no ring)

@: gold aura, heavily drained
A: fangs 1, strong nose, distributed training
a: Renounce Religion, Potion Petition, Call Merchant, Bribe Branch


You were on level 5 of the Dungeon.
You worshipped Gozag.
Gozag was aware of your devotion.
You visited 2 branches of the dungeon, and saw 6 of its levels.

You collected 251 gold pieces.
You paid 71 gold pieces to Gozag.

Inventory:

Hand Weapons
 a - a +2 short sword
 m - a +0 whip of electrocution (weapon)
Armour
 b - a +0 helmet (worn)
 d - a +0 leather armour (worn)
 s - a +0 cloak (worn)
Jewellery
 h - an amulet of the acrobat (around neck)
 k - the amulet "Tero" {rElec rN+ Regen+ Str-4 Dex+5}
   (You found it on level 2 of the Dungeon)

   [amulet of regeneration]

   Str:       It affects your strength (-4).
   Dex:       It affects your dexterity (+5).
   rElec:     It insulates you from electricity.
   rN:        It protects you from negative energy.
   Regen:     It increases your rate of health regeneration.
Wands
 p - a wand of roots (4)
Scrolls
 e - a scroll of fear
 n - a scroll of identify
 o - a scroll of magic mapping
 t - a scroll of teleportation {unknown}
 u - a scroll of noise {unknown}
Potions
 c - a potion of attraction
 f - a potion of brilliance {unknown}
 g - a potion of curing
 i - 3 potions of flight
 j - 2 potions of might
 l - 2 potions of degeneration
 q - a potion of ambrosia
 r - a potion of invisibility
 v - a potion of cancellation {unknown}
 w - 2 potions of mutation {unknown}


   Skills:
 + Level 3.4 Fighting
 + Level 5.7 Short Blades
 + Level 3.4 Long Blades
 + Level 3.4 Axes
 + Level 3.4 Maces & Flails
 + Level 3.4 Polearms
 + Level 3.4 Staves
 + Level 3.4 Ranged Weapons
 + Level 3.4 Throwing
 + Level 4.3 Armour
 + Level 4.3 Dodging
 + Level 5.4 Stealth
 + Level 3.4 Shields
 + Level 3.4 Unarmed Combat
 + Level 4.4 Spellcasting
 + Level 2.7 Conjurations
 + Level 2.7 Hexes
 + Level 2.7 Summonings
 + Level 2.7 Necromancy
 + Level 2.7 Translocations
 + Level 2.7 Transmutations
 + Level 2.7 Fire Magic
 + Level 2.7 Ice Magic
 + Level 6.2 Air Magic
 + Level 2.7 Earth Magic
 + Level 2.7 Poison Magic
 + Level 3.7 Invocations
 + Level 3.4 Evocations


You had 13 spell levels left.
You knew the following spells:

 Your Spells              Type           Power      Damage    Failure   Level
a - Static Discharge      Conj/Air       26%        2-4/arc   6%          2

Your spell library contained the following spells:

 Spells                   Type           Power      Damage    Failure   Level
 Cigotuvi's Dreadful Rot  Necr/Pois/Air  24%        N/A       9%          2
 Summon Lightning Spire   Summ/Air       13%        N/A       38%         4
 Cause Fear               Hex            4%         N/A       65%         4
 Dragon Form              Tmut           4%         N/A       100%        7
 Storm Form               Tmut/Air       6%         N/A       100%        7
 Maxwell's Capacitive Co  Air            8%         โˆž       100%        8
 Dragon's Call            Summ           4%         N/A       100%        9


Dungeon Overview and Level Annotations

Branches:
Dungeon (5/15)             Temple (1/1) D:5

Altars:
Ashenzari
Cheibriados
Dithmenos
Elyvilon
Fedhas
Gozag
Kikubaaqudgha
Makhleb
Nemelex Xobeh
Qazlal
Ru
Sif Muna
Trog
Uskayaw
Vehumet
Wu Jian
Xom
Yredelemnul
Zin


Innate Abilities, Weirdness & Mutations

You have very sharp teeth.
Your uncanny sense of smell can sniff out nearby items.
Your experience applies equally to all skills.


Message History

You hit the necrophage.
The necrophage is lightly damaged.
The necrophage misses you.
You hit the necrophage.
The necrophage is lightly damaged.
The necrophage hits you.
* * * LOW HITPOINT WARNING * * *
You feel drained.
* * * LOW HITPOINT WARNING * * *
You hit the necrophage.
The necrophage is moderately damaged.
The necrophage hits you.
* * * LOW HITPOINT WARNING * * *
You feel drained.
You hit the necrophage.
The necrophage is heavily damaged.
The necrophage hits you.
* * * LOW HITPOINT WARNING * * *
You feel drained.
Casting: Static Discharge (safe; 6% risk of failure)
Confirm with . or Enter, or press ? or * to list all spells.
The necrophage is struck by an arc of lightning.
The necrophage is severely damaged.
You are struck by an arc of lightning.
* * * LOW HITPOINT WARNING * * *
The lightning grounds out.
The necrophage barely misses you.
You hit the necrophage.
You bite the necrophage, but do no damage.
The necrophage is almost destroyed.
You hit the necrophage.
You bite the necrophage, but do no damage.
The necrophage is almost destroyed.
The necrophage hits you.
* * * LOW HITPOINT WARNING * * *
You feel drained.
You hit the necrophage but do no damage.
The necrophage is almost destroyed.
The necrophage hits you.
You die...
Your body crumbles into a pile of gold.

#.........#....!....
##.#...#ยง#.#.........
...........#.........
##...#...#.#.........
....####.#.#........
#......#..........# #
#.#.#.##.#.#.#.####.#
#.#.#.##.#.#!..####.#####
#.#.#..........$@n...?...
#.#.#>.........$.........
#.....##.#.########.######
+..... #..................
#.. ...........P.P...P.PP
...###................ ..
#...........####. โˆ†
#...........# โˆ†
......######.#


You could see a necrophage.

Vanquished Creatures
  Grinder (D:5)
  Sigmund (D:3)
  Eustachio (D:5)
  Edmund (D:5)
  A phantom (D:4)
  2 hounds (D:5)
  3 orc priests
  Crazy Yiuf (D:3)
  Terence (D:3)
  5 orc wizards
  3 gnolls (D:4)
  3 adders
  A worm (D:4)
  4 dart slugs
  17 orcs
  4 bats
  9 endoplasms
  3 giant cockroaches (D:2)
  7 goblins
  10 hobgoblins
  A jackal (D:2)
  6 kobolds
  3 quokkas
  7 ball pythons
  9 frilled lizards
  2 goblin zombies (D:4)
  5 rats
111 creatures vanquished.

Vanquished Creatures (others)
  9 fungi (D:5)
9 creatures vanquished.

Grand Total: 120 creatures vanquished

Notes
Turn   | Place    | Note
-------+----------+-------------------------------------------
     0 | D:1      | McGhostyFace the Gnoll Wanderer began the quest for the
                  | Orb.
     0 | D:1      | McGhostyFace set off with the following items: a +2 short
                  | sword, a +0 helmet, a potion of attraction, a +0 leather
                  | armour; and the following spells available to memorise:
                  | Static Discharge, Cigotuvi's Dreadful Rot.
     0 | D:1      | Reached XP level 1. HP: 13/13 MP: 4/4
   105 | D:1      | Reached XP level 2. HP: 19/19 MP: 5/5
   496 | D:1      | HP: 1/20 [hobgoblin (2)]
   795 | D:1      | Reached XP level 3. HP: 25/25 MP: 7/7
  1140 | D:2      | Reached skill level 1 in Invocations
  1147 | D:2      | Learned a level 2 spell: Static Discharge
  1306 | D:2      | Identified the amulet "Tero" {rElec rN+ Regen+ Str-4 Dex+5}
  1546 | D:2      | Reached skill level 1 in Fighting
  1546 | D:2      | Reached skill level 1 in Long Blades
  1546 | D:2      | Reached skill level 1 in Axes
  1546 | D:2      | Reached skill level 1 in Maces & Flails
  1546 | D:2      | Reached skill level 1 in Polearms
  1546 | D:2      | Reached skill level 1 in Staves
  1546 | D:2      | Reached skill level 1 in Ranged Weapons
  1546 | D:2      | Reached skill level 1 in Throwing
  1546 | D:2      | Reached skill level 1 in Shields
  1546 | D:2      | Reached skill level 1 in Unarmed Combat
  1546 | D:2      | Reached skill level 1 in Evocations
  1716 | D:3      | Reached XP level 4. HP: 30/32 MP: 8/8
  1741 | D:3      | Found a faded altar of an unknown god.
  1917 | D:3      | Noticed Terence
  1922 | D:3      | Noticed Sigmund
  1923 | D:3      | Killed Terence
  1924 | D:3      | Reached skill level 1 in Conjurations
  1924 | D:3      | Reached skill level 1 in Hexes
  1924 | D:3      | Reached skill level 1 in Summonings
  1924 | D:3      | Reached skill level 1 in Necromancy
  1924 | D:3      | Reached skill level 1 in Translocations
  1924 | D:3      | Reached skill level 1 in Transmutations
  1924 | D:3      | Reached skill level 1 in Fire Magic
  1924 | D:3      | Reached skill level 1 in Ice Magic
  1924 | D:3      | Reached skill level 1 in Earth Magic
  1924 | D:3      | Reached skill level 1 in Poison Magic
  1933 | D:3      | Killed Sigmund
  1934 | D:3      | Reached XP level 5. HP: 25/38 MP: 8/10
  1934 | D:3      | Reached XP level 6. HP: 29/44 MP: 8/11
  1937 | D:3      | Reached skill level 5 in Short Blades
  2072 | D:3      | Found a glowing silver altar of Zin.
  2072 | D:3      | Found a white marble altar of Elyvilon.
  2074 | D:3      | Found a shimmering altar of Xom.
  2076 | D:3      | Found a broken altar of Ashenzari.
  2076 | D:3      | Found a sparkling altar of Nemelex Xobeh.
  2081 | D:3      | Found a basalt altar of Yredelemnul.
  2118 | D:3      | Became a worshipper of Nemelex Xobeh the Trickster
  2185 | D:3      | Found a runed translucent door.
  2186 | D:3      | Noticed Crazy Yiuf
  2241 | D:3      | Killed Crazy Yiuf
  2653 | D:4      | Identified a scroll of acquirement
  2660 | D:4      | Acquired a book of the Sky
  3577 | D:4      | Reached XP level 7. HP: 24/50 MP: 9/12
  3983 | D:5      | Entered Level 5 of the Dungeon
  3983 | D:5      | Noticed Edmund
  4142 | D:5      | Reached skill level 5 in Stealth
  4151 | D:5      | Noticed Eustachio
  4453 | D:5      | Found a staircase to the Ecumenical Temple.
  4461 | Temple   | Entered the Ecumenical Temple
  4650 | Temple   | Fell from the grace of Nemelex Xobeh
  4650 | Temple   | Became a worshipper of Gozag Ym Sagoz the Greedy
  4947 | D:5      | Noticed Grinder
  4957 | D:5      | Killed Grinder
  4958 | D:5      | Reached skill level 6 in Air Magic
  4958 | D:5      | Reached XP level 8. HP: 9/58 MP: 5/14
  5226 | D:5      | Killed Edmund
  5303 | D:5      | Killed Eustachio
  5311 | D:5      | Slain by a necrophage

Illustrated notes

Levels and vault maps discovered:
D:1:      dpeg_arrival_chambers_temple_mockup, layout_loops_cross
D:2:      layout_basic, eino_curves_01, minmay_misc_feat_columns, st_stairs_10,
          minmay_mini_jars
D:3:      layout_basic, grunt_temple_overflow_open,
          hellmonk_ecumenical_altar_slurped_away, uniq_sigmund, uniq_terence,
          uniq_crazy_yiuf_cottage
D:4:      layout_basic, enter_ossuary_4, minmay_unequal
D:5:      layout_basic, mainiacjoe_overflow_boulevard, temple_statues,
          uniq_grinder, uniq_eustachio, uniq_edmund
Temple:   compressed_dpeg_triangle_lava_temple

Skill      XL: |  1  2  3  4  5  6  7 |
---------------+----------------------+-----
Invocations    | 1 2 3 |  3.7
Fighting       | 1 2 3 |  3.4
Long Blades    | 1 2 3 |  3.4
Axes           | 1 2 3 |  3.4
Maces & Flails | 1 2 3 |  3.4
Polearms       | 1 2 3 |  3.4
Staves         | 1 2 3 |  3.4
Ranged Weapons | 1 2 3 |  3.4
Throwing       | 1 2 3 |  3.4
Shields        | 1 2 3 |  3.4
Unarmed Combat | 1 2 3 |  3.4
Evocations     | 1 2 3 |  3.4
Spellcasting   | 3 4 |  4.4
Conjurations   | 1 2 |  2.7
Hexes          | 1 2 |  2.7
Summonings     | 1 2 |  2.7
Necromancy     | 1 2 |  2.7
Translocations | 1 2 |  2.7
Transmutations | 1 2 |  2.7
Fire Magic     | 1 2 |  2.7
Ice Magic      | 1 2 |  2.7
Earth Magic    | 1 2 |  2.7
Poison Magic   | 1 2 |  2.7
Armour         | 3 4 |  4.3
Dodging        | 3 4 |  4.3
Short Blades   | 5 |  5.7
Stealth        | 5 |  5.4
Air Magic      | 6 |  6.2

Action                   |  1- 3 |  4- 6 |  7- 9 || total
-------------------------+-------+-------+-------++-------
Melee: Short sword       |    85 |       |       ||    85
       Bite              |     7 |    19 |    13 ||    39
       Whip              |    33 |   176 |    95 ||   304
       Punch             |       |     4 |     2 ||     6
 Cast: Static Discharge  |       |     6 |    19 ||    25
  Use: Scroll            |       |     9 |     1 ||    10
       Potion            |       |     1 |       ||     1
 Stab: Sleeping          |    16 |     2 |     1 ||    19
Armor: Leather armour    |    41 |    63 |    22 ||   126
Dodge: Dodged            |    42 |   156 |    62 ||   260

Table legend: (Time is in decaauts)
 A = Elapsed time spent in this place.
 B = Non-inter-level travel time spent in this place.
 C = Inter-level travel time spent in this place.
 D = Time resting spent in this place.
 E = Time spent auto-exploring this place.
 F = Levels seen in this place.
 G = Mean time per level.
                   A        B        C        D        E       F      G
               +--------+--------+--------+--------+--------+-----+--------+
         Total |   5292 |   5088 |    204 |   1510 |   2371 |   6 |  882.0 |
       Dungeon |   5068 |   4864 |    204 |   1510 |   2227 |   5 | 1013.6 |
        Temple |    223 |    223 |      0 |      0 |    144 |   1 |  223.0 |
               +--------+--------+--------+--------+--------+-----+--------+

Top non-repeatable levels by time:
     D:4: 1424 daAuts
     D:3: 1207 daAuts
     D:1: 1111 daAuts
     D:5: 752 daAuts
     D:2: 572 daAuts
  Temple: 223 daAuts
